 Dungeon Crawl Stone Soup version 0.32-a0-666-ge8a88695a4 (webtiles) character file.

Game seed: 6959679763262571582

3071 ASSMAN the Merchant of Misery (level 9, -13/39 HPs)
             Began as a Vine Stalker Necromancer on Mar 10, 2024.
             Was a Believer of Kikubaaqudgha.
             Mangled by a two-headed ogre
             ... wielding a +0 giant club
              (31 damage)
             ... on level 8 of the Dungeon.
             The game lasted 00:21:49 (8640 turns).

ASSMAN the Merchant of Misery (VSNe)                Turns: 8640, Time: 00:21:50

Health: -13/39     AC:  6    Str: 11    XL:     9   Next: 88%
Magic:  0/23       EV: 12    Int: 19    God:    Kikubaaqudgha [**....]
Gold:   560        SH:  0    Dex: 15    Spells: 8/27 levels left

rFire   . . .        o - +1 sling (elec)
rCold   . . .        (no shield)
rNeg    . . .        a - +0 robe
rPois   .            (no helmet)
rElec   .            x - +0 cloak
rCorr   .            (no gloves)
SInv    .            i - +2 pair of boots {Fly}
Will    +....        (no amulet)
Stlth   ++           (no ring)
HPRegen 1.06/turn    (no ring)
MPRegen 0.18/turn

%: guardian spirit
@: flying
A: fangs 3, regeneration 1, magic shield, antimagic bite, no potion heal 2
a: Renounce Religion, Unearth Wretches


You were on level 8 of the Dungeon.
You worshipped Kikubaaqudgha.
Kikubaaqudgha was pleased with you.
You visited 2 branches of the dungeon, and saw 9 of its levels.
You also visited: Bailey.

You collected 560 gold pieces.

Inventory:

Hand Weapons
 b - a +1 morningstar of holy wrath
 o - a +1 sling of electrocution (weapon)
Missiles
 F - 2 curare-tipped darts
Armour
 a - a +0 robe (worn)
 i - a +2 pair of boots of flying (worn)
 x - a +0 cloak (worn)
 B - the +15 Maxwell's patent armour {-Cast -Tele rElec Will+ rCorr}
   (You found it in a bailey)

   rElec:     It insulates you from electricity.
   Will+:     It increases your willpower.
   -Cast:     It prevents spellcasting.
   -Tele:     It prevents most forms of teleportation.
   rCorr:     It protects you from acid and corrosion.
Magical Staves
 f - a staff of conjuration
Jewellery
 s - a +6 ring of intelligence
 y - a ring of fire
Wands
 w - a wand of warping (12)
 E - a wand of polymorph (9)
Scrolls
 c - 5 scrolls of identify
 e - 2 scrolls of revelation
 j - 2 scrolls of silence
 l - a scroll of poison
 p - 2 scrolls of vulnerability {unknown}
 r - a scroll of brand weapon {unknown}
 t - a scroll of fear {unknown}
 v - a scroll of fog {unknown}
 C - a scroll of enchant armour {unknown}
 D - a scroll of amnesia {unknown}
Potions
 d - a potion of mutation
 g - 3 potions of curing
 h - 3 potions of might {unknown}
 k - a potion of enlightenment
 m - 3 potions of ambrosia {unknown}
 n - 2 potions of haste
 q - 2 potions of brilliance
 u - a potion of lignification {unknown}
 z - a potion of cancellation {unknown}
 A - a potion of invisibility {unknown}
 G - a potion of degeneration {unknown}


   Skills:
 - Level 1.5 Dodging
 - Level 2.4 Stealth
 + Level 9.8 Spellcasting
 + Level 10.4 Necromancy


You had 8 spell levels left.
You knew the following spells:

 Your Spells              Type           Power      Damage    Failure   Level
a - Necrotise             Necr           100%       1d9       1%          1
b - Vampiric Draining     Necr           48%        2d9       1%          3
c - Dispel Undead         Necr           48%        3d18      1%          4
d - Animate Dead          Necr           48%        N/A       1%          4
e - Curse of Agony        Necr           48%        N/A       3%          5
f - Ensorcelled Hibernat  Hex/Ice        18%        N/A       12%         2

Your spell library contained the following spells:

 Spells                   Type           Power      Damage    Failure   Level
 Kiss of Death            Conj/Necr      100%       2d13      1%          1
 Call Canine Familiar     Summ           9%         N/A       22%         3
 Confusing Touch          Hex            9%         N/A       22%         3
 Passwall                 Erth           9%         N/A       22%         3
 Sigil of Binding         Hex            9%         N/A       22%         3
 Swiftness                Air            9%         N/A       22%         3
 Volatile Blastmotes      Fire/Tloc      18%        2d11      22%         3
 Dimensional Bullseye     Hex/Tloc       4%         N/A       58%         4
 Fulminant Prism          Conj/Alch      4%         3d5       58%         4
 Iskenderun's Mystic Bla  Conj/Tloc      9%         2d4       58%         4
 Iskenderun's Battlesphe  Conj           9%         2d6       91%         5
 Bombard                  Conj/Erth      4%         9d2       100%        6
 Spellforged Servitor     Conj/Summ      4%         N/A       100%        7


Dungeon Overview and Level Annotations

Branches:
Dungeon (8/15)             Temple (1/1) D:4          Bailey (visited)
   Lair: D:8-11

Altars:
Cheibriados
Dithmenos
Elyvilon
Fedhas
Gozag
Hepliaklqana
Kikubaaqudgha
Makhleb
Nemelex Xobeh
Okawaru
Qazlal
Ru
Sif Muna
Trog
Uskayaw
Vehumet
Wu Jian
Xom
Yredelemnul
Zin
The Shining One


Innate Abilities, Weirdness & Mutations

You have razor-sharp teeth.
Your natural rate of healing is unusually fast.
When hurt, damage is shared between your health and your magic reserves.
Your bite disrupts and absorbs the magic of your enemies.
Potions cannot restore your health.


Message History

Casting: Vampiric Draining (safe; 1% risk of failure)
Confirm with . or Enter, or press ? or * to list all spells.
Aiming: Vampiric Draining (safe; 1% risk of failure)
Press: ? - help, Shift-Dir - straight line, f/p - two-headed ogre
Aim: a two-headed ogre, wielding two +0 giant clubs (lightly wounded)
You draw life force from the two-headed ogre!
You feel life coursing into your body. The two-headed ogre barely misses you.
The two-headed ogre misses you.
Casting: Vampiric Draining (safe; 1% risk of failure)
Confirm with . or Enter, or press ? or * to list all spells.
Aiming: Vampiric Draining (safe; 1% risk of failure)
Press: ? - help, Shift-Dir - straight line, f/p - two-headed ogre
Aim: a two-headed ogre, wielding two +0 giant clubs (moderately wounded)
You draw life force from the two-headed ogre!
The centaur shoots an arrow.
The arrow misses you.
The two-headed ogre hits you with a +0 giant club!! x2
* * * LOW HITPOINT WARNING * * *
Casting: Vampiric Draining (safe; 1% risk of failure)
Confirm with . or Enter, or press ? or * to list all spells.
Aiming: Vampiric Draining (safe; 1% risk of failure)
Press: ? - help, Shift-Dir - straight line, f/p - two-headed ogre
Aim: a two-headed ogre, wielding two +0 giant clubs (heavily wounded)
You draw life force from the two-headed ogre!
You feel life coursing into your body.
The centaur unwields a +0 orcbow.
The centaur closely misses you.
The centaur kicks you but does no damage.
Casting: Vampiric Draining (safe; 1% risk of failure)
Confirm with . or Enter, or press ? or * to list all spells.
You don't have enough magic to cast this spell.
Unknown command.
Casting: Vampiric Draining (safe; 1% risk of failure)
Confirm with . or Enter, or press ? or * to list all spells.
Aiming: Necrotise (safe; 1% risk of failure)
Press: ? - help, Shift-Dir - straight line, f/p - two-headed ogre
Aim: a two-headed ogre, wielding two +0 giant clubs (severely wounded, chance to affect: 70%)
The two-headed ogre writhes in agony!
The two-headed ogre hits you with a +0 giant club!!
Ouch! That really hurt!
You die...
Kikubaaqudgha rasps: You have failed me!
Welcome... death!

#........................#...
##.......................#...
#.......................#...
..........................##
....#..............#.....##
..................##.....#
.......#......)..##...##...
.......#.............## ....
#.........@c...###..# ...#
..........#O....#.### ...
.........##....... ##....#...
..###.. ##.###... ..# . #.
......<. # .......... ..###
....


You could see a two-headed ogre and a centaur.

Vanquished Creatures
  A troll (D:6)
  3 ice beasts
  An ogre (D:4)
  3 centaurs
  3 phantoms
  A kobold brigand (D:7)
  A bullfrog (D:6)
  4 scorpions
  4 killer bees (D:5)
  7 vampire bats (Bailey)
  A howler monkey (D:6)
  2 bombardier beetles
  6 wolf zombies (Bailey)
  4 orc priests
  7 hounds
  3 jellies
  Jessica (D:3)
  2 iguanas
  3 orc wizards
  A sleepcap (D:6)
  8 adders
  A white imp (D:6)
  5 dart slugs
  16 orcs
  6 bats
  6 endoplasms
  2 giant cockroaches
  7 goblins
  7 hobgoblins
  6 jackals
  A quokka (D:2)
  5 ball pythons
  7 frilled lizards
  16 kobolds
  16 orc zombies (Bailey)
  3 rats
170 creatures vanquished.

Vanquished Creatures (collateral kills)
  An orc priest (D:7)
  An orc (D:7)
  A goblin (D:7)
3 creatures vanquished.

Vanquished Creatures (others)
  A centaur zombie (D:7)
1 creature vanquished.

Grand Total: 174 creatures vanquished

Notes
Turn   | Place    | Note
-------+----------+-------------------------------------------
     0 | D:1      | ASSMAN the Vine Stalker Necromancer began the quest for the
                  | Orb.
     0 | D:1      | Reached XP level 1. HP: 9/9 MP: 4/4
   258 | D:1      | Reached XP level 2. HP: 13/13 MP: 3/6
   808 | D:1      | Reached XP level 3. HP: 16/16 MP: 4/8
   812 | D:1      | Learned a level 3 spell: Vampiric Draining
  1875 | D:2      | Reached XP level 4. HP: 21/21 MP: 10/10
  2018 | D:3      | Noticed a scorpion
  2025 | D:3      | Killed a scorpion
  2026 | D:3      | Reached skill level 5 in Necromancy
  2026 | D:3      | Reached XP level 5. HP: 18/24 MP: 1/12
  2168 | D:3      | Noticed Jessica
  2171 | D:3      | Killed Jessica
  2438 | D:3      | Reached XP level 6. HP: 28/28 MP: 12/14
  2871 | D:3      | Found an opulent altar of Gozag.
  2874 | D:3      | Found a stormy altar of Qazlal.
  2877 | D:3      | Found a white marble altar of Elyvilon.
  2966 | D:4      | Reached skill level 5 in Spellcasting
  2966 | D:4      | Reached skill level 6 in Necromancy
  2990 | D:4      | Found a bloodstained altar of Trog.
  3394 | D:4      | Reached XP level 7. HP: 32/32 MP: 7/16
  3630 | D:4      | Found a staircase to the Ecumenical Temple.
  3640 | Temple   | Entered the Ecumenical Temple
  3669 | Temple   | Became a worshipper of Kikubaaqudgha
  4029 | D:5      | Entered Level 5 of the Dungeon
  4243 | D:5      | Reached skill level 7 in Necromancy
  4346 | D:5      | Gained mutation: You have razor-sharp teeth. [Vine Stalker
                  | growth]
  4346 | D:5      | Reached XP level 8. HP: 32/36 MP: 6/18
  4753 | D:5      | Learned a level 4 spell: Dispel Undead
  4758 | D:5      | Learned a level 4 spell: Animate Dead
  5265 | D:6      | Reached skill level 8 in Necromancy
  5780 | D:6      | Noticed a troll
  5790 | D:6      | Killed a troll
  5791 | D:6      | Reached skill level 9 in Necromancy
  5791 | D:6      | Reached XP level 9. HP: 31/39 MP: 4/22
  6221 | D:7      | Reached * piety under Kikubaaqudgha
  6221 | D:7      | Received a gift from Kikubaaqudgha
  6480 | D:7      | Found a flagged portal.
  6492 | Bailey   | Entered a bailey
  6499 | Bailey   | Learned a level 5 spell: Curse of Agony
  6502 | Bailey   | Learned a level 2 spell: Ensorcelled Hibernation
  6948 | Bailey   | Reached skill level 10 in Necromancy
  7324 | Bailey   | Reached ** piety under Kikubaaqudgha
  7391 | Bailey   | Found the +15 Maxwell's patent armour {-Cast -Tele rElec
                  | Will+ rCorr}
  7550 | Bailey   | Noticed a gargoyle
  8632 | D:8      | Noticed a two-headed ogre
  8640 | D:8      | Mangled by a two-headed ogre

Illustrated notes

Levels and vault maps discovered:
D:1:      roadster_arrival_rocket_large, layout_basic
D:2:      layout_basic, minmay_octomino_j4
D:3:      layout_loops_ring, grunt_temple_overflow_diamond, uniq_jessica
D:4:      layout_basic, old_standard_altar, minmay_temple_entry_junction,
          kennysheep_another_room
D:5:      layout_basic, st_stairs_9, minmay_misc_feat_doors
D:6:      layout_basic, serial_glass, glass_columns_a, glass_columns_c
D:7:      layout_loops_cross, enter_bailey_3, grunt_decor_arrowhead,
          kennysheep_boxes
D:8:      layout_cave_pools, nicolae_ashenzari_panopticon
Temple:   bh_familiar_temple

Skill      XL: |  1  2  3  4  5  6  7  8  9 |
---------------+----------------------------+-----
Spellcasting   | 3 4 5 6 8 9 |  9.8
Necromancy     | 5 6 7 9 10 | 10.4
Dodging        | |  1.5
Stealth        | |  2.4

Action                     |  1- 3 |  4- 6 |  7- 9 || total
---------------------------+-------+-------+-------++-------
  Melee: Unarmed           |     3 |       |       ||     3
         Bite              |     1 |       |       ||     1
   Fire: Sling             |    21 |    44 |   218 ||   283
   Cast: Necrotise         |    54 |    23 |    37 ||   114
         Vampiric Draining |     1 |     7 |    53 ||    61
         Dispel Undead     |       |       |    33 ||    33
         Animate Dead      |       |       |     1 ||     1
    Use: Scroll            |       |     5 |     7 ||    12
         Potion            |       |       |     3 ||     3
 Armour: Robe              |    12 |     4 |   157 ||   173
  Dodge: Dodged            |    21 |     4 |   127 ||   152

Table legend: (Time is in decaauts)
 A = Elapsed time spent in this place.
 B = Non-inter-level travel time spent in this place.
 C = Inter-level travel time spent in this place.
 D = Time resting spent in this place.
 E = Time spent auto-exploring this place.
 F = Levels seen in this place.
 G = Mean time per level.
                   A        B        C        D        E       F      G
               +--------+--------+--------+--------+--------+-----+--------+
         Total |   8751 |   8416 |    335 |    251 |   6930 |  10 |  875.1 |
       Dungeon |   7327 |   7038 |    289 |     52 |   5978 |   8 |  915.9 |
        Temple |     51 |      5 |     46 |      0 |      0 |   1 |   51.0 |
        Bailey |   1372 |   1372 |      0 |    199 |    952 |   1 | 1372.0 |
               +--------+--------+--------+--------+--------+-----+--------+

Top non-repeatable levels by time:
  Bailey: 1372 daAuts
     D:1: 1366 daAuts
     D:6: 1230 daAuts
     D:4: 1128 daAuts
     D:7: 998 daAuts
     D:3: 944 daAuts
     D:5: 894 daAuts
     D:2: 659 daAuts
     D:8: 106 daAuts
  Temple: 51 daAuts
